 Dungeon Crawl Stone Soup version 0.30-a0-1116-gebefce21f7 (webtiles) character file.

Game seed: 15759108191152050380

79 qeuew the Conjurer (level 4, -10/33 HPs)
             Began as a Draconian Conjurer on Apr 19, 2023.
             Mangled by an iguana (13 damage)
             ... on level 4 of the Dungeon on Apr 21, 2023.
             The game lasted 00:02:32 (2552 turns).

qeuew the Conjurer (Draconian Conjurer)             Turns: 2552, Time: 00:02:32

Health: -10/33     AC:  5    Str: 10    XL:     4   Next: 16%
Magic:  0/8        EV: 12    Int: 18    God:
Gold:   263        SH:  0    Dex: 11    Spells: 5/8 levels left

rFire   . . .      SeeInvis .    k - +0 short sword
rCold   . . .      Faith    .    (no shield)
rNeg    . . .      Spirit   .    (body armour unavailable)
rPois   .          Reflect  .    (helmet restricted)
rElec   .          Rampage  .    (no cloak)
rCorr   .                        (no gloves)
Will    .....                    (no boots)
Stlth   ++                       c - amulet of regeneration
HPRegen 1.05/turn                (no ring)
MPRegen 0.11/turn                (no ring)

@: no status effects
A: AC +5, unfitting armour, cold-blooded
a: no special abilities


You were on level 4 of the Dungeon.
You visited 1 branch of the dungeon, and saw 4 of its levels.

You collected 263 gold pieces.

Inventory:

Hand Weapons
 k - a +0 short sword (weapon)
Jewellery
 c - an amulet of regeneration (around neck)
Scrolls
 b - a scroll of amnesia
 l - a scroll of teleportation
Potions
 a - a potion of magic
 d - a potion of might
 e - a potion of ambrosia
 f - a potion of heal wounds
 m - a potion of berserk rage


   Skills:
 + Level 0.6 Short Blades
 + Level 2.2 Dodging
 + Level 2.4 Stealth
 * Level 2.7 Spellcasting
 * Level 4.5 Conjurations


You had 5 spell levels left.
You knew the following spells:

 Your Spells              Type           Power      Damage    Failure   Level
a - Magic Dart            Conj           76%        1d6       2%          1
b - Searing Ray           Conj           38%        2d5       3%          2

Your spell library contained the following spells:

 Spells                   Type           Power      Damage    Failure   Level
 Dazzling Flash           Conj/Hex       20%        N/A       21%         3
 Ozocubu's Armour         Ice            2%         N/A       45%         3
 Fulminant Prism          Conj/Hex       5%         3d7       54%         4
 Iskenderun's Mystic Bla  Conj/Tloc      10%        2d4       54%         4
 Iskenderun's Battlesphe  Conj           19%        2d7       56%         5
 Animate Dead             Necr           2%         N/A       86%         4
 Fireball                 Conj/Fire      5%         3d5       88%         5
 Blade Hands              Tmut           1%         N/A       99%         5
 Metabolic Englaciation   Hex/Ice        1%         N/A       99%         5
 Conjure Ball Lightning   Conj/Air       5%         3x3d6     100%        6
 Iron Shot                Conj/Erth      5%         9d2       100%        6
 Simulacrum               Ice/Necr       1%         N/A       100%        6
 Haunt                    Necr/Summ      1%         N/A       100%        7
 Orb of Destruction       Conj           9%         9d6       100%        7
 Ozocubu's Refrigeration  Ice            1%         4d7       100%        7
 Infestation              Necr           1%         N/A       100%        8
 Animate Armour           Summ/Erth      Unusable   N/A       N/A         4

Dungeon Overview and Level Annotations

Branches:
Dungeon (4/15)
 Temple: D:4-7

Altars:

Shops:
D:4 (


Innate Abilities, Weirdness & Mutations

Your plain brown scales are hard. (AC +5)
You cannot fit into any form of body armour.
You are cold-blooded and may be slowed by cold attacks.


Message History

Aiming: Magic Dart (safe; 2% risk of failure)
Press: ? - help, Q - select action, (/) - cycle Shift-Dir - straight line, f/p - iguana
Aim: an iguana (lightly wounded, 100% to hit)
The magic dart hits the iguana.
The iguana is lightly wounded.
The iguana bites you.
Aiming: Magic Dart (safe; 2% risk of failure)
Press: ? - help, Q - select action, (/) - cycle Shift-Dir - straight line, f/p - iguana
Aim: an iguana (lightly wounded, 100% to hit)
The magic dart hits the iguana.
The iguana is moderately wounded.
The iguana bites you!
* * * LOW HITPOINT WARNING * * *
Unknown command.
Unknown command.
Casting: Magic Dart (safe; 2% risk of failure)
Confirm with . or Enter, or press ? or * to list all spells.
Aiming: Searing Ray (safe; 3% risk of failure)
Press: ? - help, Shift-Dir - straight line, f/p - iguana
Aim: an iguana (moderately wounded, 81% to hit)
The searing ray hits the iguana.
The iguana is moderately wounded. (Press . to maintain the ray.)
The iguana barely misses you.
The searing ray hits the iguana.
The iguana is moderately wounded.
The iguana barely misses you.
Without enough magic to sustain it, your searing ray dissipates.
The iguana closely misses you.
You hit the iguana but do no damage.
The iguana is moderately wounded.
The iguana barely misses you.
You hit the iguana.
The iguana is heavily wounded.
The iguana bites you.
* * * LOW HITPOINT WARNING * * *
You barely miss the iguana.
The iguana is heavily wounded.
The iguana bites you!
You die...

#####
...### #
##....##
#.#8.....#
#....†...##
#..@l..8#
#.......#
#....∩.....
###........
#8...>...
###......
....8.
......


You could see an iguana.

Vanquished Creatures
  A hound (D:4)
  An adder (D:3)
  A dart slug (D:3)
  4 endoplasms
  A giant cockroach (D:3)
  A goblin (D:2)
  3 hobgoblins
  4 kobolds
  2 quokkas (D:2)
  5 ball pythons
  5 bats
  4 frilled lizards
  6 rats
38 creatures vanquished.

Notes
Turn   | Place    | Note
-------+----------+-------------------------------------------
     0 | D:1      | qeuew the Draconian Conjurer began the quest for the Orb.
     0 | D:1      | Reached XP level 1. HP: 14/14 MP: 3/3
   286 | D:1      | Reached XP level 2. HP: 20/20 MP: 1/5
   417 | D:1      | Learned a level 2 spell: Searing Ray
  1681 | D:3      | Reached XP level 3. HP: 26/26 MP: 0/6
  1982 | D:3      | Found a faded altar of an unknown god.
  2251 | D:3      | Upgraded the game from 0.30-a0-1112-gfb780f5df6 to
                  | 0.30-a0-1116-gebefce21f7
  2533 | D:4      | Found Avias's Antique Weapon Shoppe.
  2544 | D:4      | Reached XP level 4. HP: 20/33 MP: 6/8
  2552 | D:4      | Mangled by an iguana

Illustrated notes

Levels and vault maps discovered:
D:1:      minmay_arrival_jagged, layout_rooms
D:2:      layout_loops_corners
D:3:      layout_basic, hellmonk_ecumenical_altar_crossroads
D:4:      layout_basic, mainiacjoe_overflow_concentric_impassable, serial_shops,
          nicolae_stop_n_shop_1

Skill      XL: |  1  2 |
---------------+-------+-----
Stealth        | 2 |  2.4
Dodging        | 2 |  2.2
Short Blades   | |  0.6
Spellcasting   | |  2.7
Conjurations   | |  4.5

Action                     |  1- 3 |  4- 6 || total
---------------------------+-------+-------++-------
  Melee: Unarmed           |     5 |       ||     5
         Short sword       |    10 |     3 ||    13
         Tailslap          |     1 |       ||     1
   Cast: Magic Dart        |    65 |     3 ||    68
         Searing Ray       |       |     1 ||     1
    Use: Scroll            |     8 |       ||     8
         Potion            |     4 |       ||     4
   Stab: Sleeping          |     1 |       ||     1
 Armour: Skin              |     4 |       ||     4
  Dodge: Dodged            |    11 |     4 ||    15

Table legend: (Time is in decaauts)
 A = Elapsed time spent in this place.
 B = Non-inter-level travel time spent in this place.
 C = Inter-level travel time spent in this place.
 D = Time resting spent in this place.
 E = Time spent auto-exploring this place.
 F = Levels seen in this place.
 G = Mean time per level.
                   A        B        C        D        E       F      G
               +--------+--------+--------+--------+--------+-----+--------+
         Total |   2557 |   2463 |     94 |     27 |   2233 |   4 |  639.2 |
       Dungeon |   2557 |   2463 |     94 |     27 |   2233 |   4 |  639.2 |
               +--------+--------+--------+--------+--------+-----+--------+

Top non-repeatable levels by time:
     D:3: 1019 daAuts
     D:2: 1010 daAuts
     D:1: 509 daAuts
     D:4: 18 daAuts
